 Dungeon Crawl Stone Soup version 0.30.0-29-ga12c61a403 (webtiles) character file.

Game seed: 3582007102673790631

289 cdecastro the Nimble (level 6, -1/51 HPs)
             Began as a Gnoll Wanderer on June 19, 2023.
             Was an Initiate of Vehumet.
             Constricted to death by an orc wizard (2 damage)
             ... on level 4 of the Dungeon.
             The game lasted 00:08:47 (3127 turns).

cdecastro the Nimble (Gnoll Wanderer)               Turns: 3127, Time: 00:08:48

Health: -1/51      AC: 13    Str: 10    XL:     6   Next: 31%
Magic:  9/9        EV: 11    Int: 11    God:    Vehumet [......]
Gold:   260        SH:  0    Dex: 15    Spells: 9/9 levels left

rFire   . . .        a - +0 dagger
rCold   . . .        (no shield)
rNeg    . . .        r - +0 ring mail
rPois   .            t - +1 helmet
rElec   .            k - +0 cloak
rCorr   .            (no gloves)
SInv    .            o - +0 pair of boots
Will    .....        (no amulet)
Stlth   ++           n - +4 ring of protection
HPRegen 0.28/turn    (no ring)
MPRegen 0.11/turn

%: no passive effects
@: grasped by roots, constricted
A: fangs 1, strong nose, distributed training
a: Renounce Religion


You were on level 4 of the Dungeon.
You worshipped Vehumet.
Vehumet was noncommittal.
You visited 2 branches of the dungeon, and saw 5 of its levels.

You collected 260 gold pieces.

Inventory:

Hand Weapons
 a - a +0 dagger (weapon)
Missiles
 b - 2 throwing nets
 d - 11 boomerangs (quivered)
 s - 6 poisoned darts
Armour
 k - a +0 cloak (worn)
 o - a +0 pair of boots (worn)
 r - a +0 ring mail (worn)
 t - a +1 helmet (worn)
Magical Staves
 q - a staff of fire
 x - a staff of air
Jewellery
 n - a +4 ring of protection (left hand)
 A - a ring of poison resistance
Wands
 y - a wand of paralysis (7)
 B - a wand of roots (9)
 D - a wand of light (11)
Scrolls
 e - a scroll of magic mapping {unknown}
 g - a scroll of blinking {unknown}
 j - a scroll of brand weapon {unknown}
 l - a scroll of vulnerability {unknown}
 m - a scroll of noise
 v - a scroll of teleportation {unknown}
 E - a scroll of enchant weapon {unknown}
Potions
 c - 5 potions of curing
 f - 2 potions of heal wounds
 h - a potion of cancellation {unknown}
 i - a potion of ambrosia {unknown}
 p - a potion of berserk rage {unknown}
 u - a potion of mutation {unknown}
 w - 3 potions of brilliance {unknown}
 z - 2 potions of flight {unknown}
 C - a potion of experience {unknown}
 F - a potion of lignification {unknown}


   Skills:
 + Level 5.0 Fighting
 + Level 2.0 Short Blades
 + Level 2.0 Long Blades
 + Level 2.0 Axes
 + Level 2.0 Maces & Flails
 + Level 2.0 Polearms
 + Level 2.0 Staves
 + Level 2.0 Ranged Weapons
 + Level 6.8 Throwing
 + Level 2.0 Armour
 + Level 8.7 Dodging
 + Level 3.1 Stealth
 + Level 2.0 Shields
 + Level 2.0 Unarmed Combat
 + Level 2.0 Spellcasting
 + Level 1.5 Conjurations
 + Level 1.5 Hexes
 + Level 1.5 Summonings
 + Level 1.5 Necromancy
 + Level 1.5 Translocations
 + Level 1.5 Transmutations
 + Level 1.5 Fire Magic
 + Level 1.5 Ice Magic
 + Level 1.5 Air Magic
 + Level 1.5 Earth Magic
 + Level 1.5 Poison Magic
 + Level 2.2 Invocations
 + Level 2.0 Evocations


You had 9 spell levels left.
You didn't know any spells.
Your spell library contained the following spells:

 Spells                   Type           Power      Damage    Failure   Level
 Blink                    Tloc           8%         N/A       50%         2
 Scorch                   Fire           8%         2d5       50%         2
 Flame Wave               Conj/Fire      4%         2d5       98%         4
 Manifold Assault         Tloc           4%         N/A       98%         4
 Summon Cactus Giant      Summ           2%         N/A       100%        6
 Storm Form               Tmut/Air       2%         N/A       100%        7


Dungeon Overview and Level Annotations

Branches:
Dungeon (4/15)             Temple (1/1) D:4

Altars:
Ashenzari
Dithmenos
Elyvilon
Fedhas
Gozag
Kikubaaqudgha
Nemelex Xobeh
Qazlal
Ru
Sif Muna
Trog
Uskayaw
Vehumet
Wu Jian
Xom
Zin
The Shining One

Shops:
D:1 (


Innate Abilities, Weirdness & Mutations

You have very sharp teeth.
Your uncanny sense of smell can sniff out nearby items.
Your experience applies equally to all skills.


Message History

Something hits you but does no damage.
You are constricted.
* * * LOW HITPOINT WARNING * * *
Unknown command.
You hit something but do no damage.
The grasping roots release their grip on you.
Unknown command.
You closely miss something.
An orc wizard appears from thin air!
Reactivating autopickup.
The orc wizard zaps a wand.
The roots erupt in riotous growth!
The grasping roots grab you!
The orc wizard is unaffected.
The grasping roots constrict you.
Unknown command.
Throw: 11 boomerangs
Press: ? - help, Q - select action, (/) - cycle Shift-Dir - straight line, f - orc wizard
Aim: an orc wizard, wielding a +0 dagger, wearing a +0 robe and carrying a wand of roots (5) (heavily wounded, 58% to hit)
You throw a boomerang.
The boomerang hits the orc wizard but does no damage.
The orc wizard is heavily wounded.
The orc wizard gestures at you while chanting.
The puff of flame hits you.
* * * LOW HITPOINT WARNING * * *
The grasping roots constrict you.
* * * LOW HITPOINT WARNING * * *
Throw: 11 boomerangs
Press: ? - help, Q - select action, (/) - cycle Shift-Dir - straight line, f/p - orc wizard
Aim: an orc wizard, wielding a +0 dagger, wearing a +0 robe and carrying a wand of roots (5) (heavily wounded, 58% to hit)
You throw a boomerang.
The boomerang closely misses the orc wizard.
The orc wizard hits you with a +0 dagger.
* * * LOW HITPOINT WARNING * * *
The grasping roots constrict you.
* * * LOW HITPOINT WARNING * * *
Throw: 11 boomerangs
Press: ? - help, Q - select action, (/) - cycle Shift-Dir - straight line, f/p - orc wizard
Aim: an orc wizard, wielding a +0 dagger, wearing a +0 robe and carrying a wand of roots (5) (heavily wounded, 58% to hit)
You throw a boomerang. The boomerang hits the orc wizard.
The orc wizard is severely wounded.
The orc wizard gestures at you while chanting.
You resist with some effort. The grasping roots constrict you.
You die...

#.......#.#.##
###.h..#.#.#..#
#........#.##)#
#.#......#.##.###
#.#......#.##.h.#
#.#...#..#.####.##
#†#.#.#..#.# #.#.
#o#.#.#..#.# #...
#@#.#.#..#.######.
#.#.#.#...........
#.#.#.#...........
#.#.#.#...........
#.#.#.#...........
..#...............
..###.##..........
..# #.##..........
#.##..........


You could see an orc wizard.

Vanquished Creatures
  A black bear (D:4)
  An iguana (D:4)
  An orc wizard (D:4)
  5 adders
  An ufetubus (D:4)
  2 worms
  2 dart slugs
  10 orcs
  9 endoplasms
  4 giant cockroaches
  9 hobgoblins
  2 jackals (D:1)
  2 quokkas
  4 ball pythons
  7 bats
  5 frilled lizards
  5 goblins
  4 kobolds
  A rat (D:3)
75 creatures vanquished.

Notes
Turn   | Place    | Note
-------+----------+-------------------------------------------
     0 | D:1      | cdecastro the Gnoll Wanderer began the quest for the Orb.
     0 | D:1      | cdecastro set off with the following items: a +0 dagger, 2
                  | throwing nets, a potion of curing, 9 boomerangs, a +0
                  | leather armour, a potion of heal wounds.
     0 | D:1      | Reached XP level 1. HP: 20/20 MP: 1/1
    70 | D:1      | Found Qihol's Weapon Shoppe.
   151 | D:1      | Reached XP level 2. HP: 26/26 MP: 2/2
   529 | D:1      | Reached XP level 3. HP: 29/31 MP: 3/3
   798 | D:2      | Reached skill level 1 in Invocations
   975 | D:2      | Reached skill level 1 in Short Blades
   975 | D:2      | Reached skill level 1 in Long Blades
   975 | D:2      | Reached skill level 1 in Axes
   975 | D:2      | Reached skill level 1 in Maces & Flails
   975 | D:2      | Reached skill level 1 in Polearms
   975 | D:2      | Reached skill level 1 in Staves
   975 | D:2      | Reached skill level 1 in Ranged Weapons
   975 | D:2      | Reached skill level 1 in Armour
   975 | D:2      | Reached skill level 1 in Shields
   975 | D:2      | Reached skill level 1 in Unarmed Combat
   975 | D:2      | Reached skill level 1 in Spellcasting
   975 | D:2      | Reached skill level 1 in Evocations
  1333 | D:2      | Reached XP level 4. HP: 38/38 MP: 5/5
  1711 | D:3      | Reached skill level 1 in Conjurations
  1711 | D:3      | Reached skill level 1 in Hexes
  1711 | D:3      | Reached skill level 1 in Summonings
  1711 | D:3      | Reached skill level 1 in Necromancy
  1711 | D:3      | Reached skill level 1 in Translocations
  1711 | D:3      | Reached skill level 1 in Transmutations
  1711 | D:3      | Reached skill level 1 in Fire Magic
  1711 | D:3      | Reached skill level 1 in Ice Magic
  1711 | D:3      | Reached skill level 1 in Air Magic
  1711 | D:3      | Reached skill level 1 in Earth Magic
  1711 | D:3      | Reached skill level 1 in Poison Magic
  2202 | D:4      | Noticed a black bear
  2270 | D:4      | Found a staircase to the Ecumenical Temple.
  2309 | D:4      | Reached XP level 5. HP: 39/43 MP: 7/7
  2396 | Temple   | Entered the Ecumenical Temple
  2691 | Temple   | Became a worshipper of Vehumet
  2889 | D:4      | Noticed a black bear
  3101 | D:4      | Killed a black bear
  3102 | D:4      | Reached skill level 5 in Fighting
  3102 | D:4      | Reached XP level 6. HP: 41/51 MP: 7/9
  3126 | D:4      | HP: 1/51 [constriction (2)]
  3127 | D:4      | Constricted to death by an orc wizard

Illustrated notes

Levels and vault maps discovered:
D:1:      wander_arrival_desolate, layout_rooms, serial_shops, shop
D:2:      layout_basic, minmay_misc_feat_secret_circle,
          hangedman_abyss_or_decor_stabs, kennysheep_crisscross
D:3:      minmay_diamond_boxcup, layout_basic, small_statue_intersection
D:4:      layout_basic, minmay_temple_entry_stoned_glass
Temple:   minmay_temple_bridge_d

Skill      XL: |  1  2  3  4  5 |
---------------+----------------+-----
Invocations    | 1 2 |  2.2
Short Blades   | 1 2 |  2.0
Long Blades    | 1 2 |  2.0
Axes           | 1 2 |  2.0
Maces & Flails | 1 2 |  2.0
Polearms       | 1 2 |  2.0
Staves         | 1 2 |  2.0
Ranged Weapons | 1 2 |  2.0
Armour         | 1 2 |  2.0
Shields        | 1 2 |  2.0
Unarmed Combat | 1 2 |  2.0
Spellcasting   | 1 2 |  2.0
Evocations     | 1 2 |  2.0
Conjurations   | 1 |  1.5
Hexes          | 1 |  1.5
Summonings     | 1 |  1.5
Necromancy     | 1 |  1.5
Translocations | 1 |  1.5
Transmutations | 1 |  1.5
Fire Magic     | 1 |  1.5
Ice Magic      | 1 |  1.5
Air Magic      | 1 |  1.5
Earth Magic    | 1 |  1.5
Poison Magic   | 1 |  1.5
Fighting       | 5 |  5.0
Stealth        | 3 |  3.1
Throwing       | |  6.8
Dodging        | |  8.7

Action                     |  1- 3 |  4- 6 || total
---------------------------+-------+-------++-------
  Melee: Dagger            |   173 |   167 ||   340
         Bite              |    22 |    23 ||    45
         Punch             |     2 |     7 ||     9
  Throw: Boomerang         |    11 |    46 ||    57
  Evoke: Wand              |       |     3 ||     3
    Use: Scroll            |       |     1 ||     1
   Stab: Sleeping          |     3 |     2 ||     5
 Armour: Leather armour    |    46 |       ||    46
         Ring mail         |       |    83 ||    83
  Dodge: Dodged            |   138 |   125 ||   263
